 Dungeon Crawl Stone Soup version 0.16-b1 (webtiles) character file.

135 toofou the Slasher (level 4, -3/61 HPs)
             Began as a Minotaur Berserker on Mar 3, 2015.
             Was a Priest of Trog.
             Slain by dysrexia's ghost (13 damage)
             ... on level 3 of the Dungeon.
             The game lasted 00:07:26 (2068 turns).

toofou the Slasher (Minotaur Berserker)             Turns: 2068, Time: 00:07:26

Health: -3/61      AC: 10    Str: 27    XL:     4   Next: 96%
Magic:  2/2        EV: 12    Int:  4    God:    Trog [***...]
Gold:   158        SH:  0    Dex: 10    Spells: 0 memorised, 3 levels left

rFire  . . .     SeeInvis .     p - +1 morningstar (protect)
rCold  . . .     Clarity  .     o - +0 ring mail
rNeg   . . .     SustAb   .     (no shield)
rPois  .         Gourm    .     (helmet restricted)
rElec  .         Spirit   .     (no cloak)
rCorr  .         Warding  .     (no gloves)
rMut   .         Stasis   .     (no boots)
MR     .....                    (no amulet)
Stlth  ..........               (no ring)
                                (no ring)

@: berserking, very quick, not resistant to hostile enchantments, extremely
unstealthy
A: retaliatory headbutt, horns 2
a: Burn Spellbooks, Berserk, Trog's Hand, Renounce Religion


You were on level 3 of the Dungeon.
You worshipped Trog.
Trog was most pleased with you.
You were hungry.

You visited 1 branch of the dungeon, and saw 3 of its levels.

You collected 158 gold pieces.

Inventory:

Hand weapons
 a - a +0 falchion
 p - a +1 morningstar of protection (weapon)
Armour
 b - a +0 animal skin
 o - a +0 ring mail (worn)
Jewellery
 h - an uncursed ring of magical power {unknown}
 l - an uncursed ring of wizardry {unknown}
Scrolls
 d - a scroll of random uselessness
 e - a scroll of identify {unknown}
 g - 2 scrolls of remove curse
 j - a scroll of magic mapping {unknown}
Potions
 k - 2 potions of cancellation {unknown}
 m - a potion of mutation {unknown}
 n - 2 potions of brilliance {unknown}
Comestibles
 c - a bread ration
 f - 4 fruits
 i - 2 meat rations


   Skills:
 + Level 4.5 Fighting
 - Level 4.8 Long Blades
 + Level 3.2 Armour
 + Level 3.7 Dodging


You had 3 spell levels left.
You didn't know any spells.

Dungeon Overview and Level Annotations

Branches:
Dungeon (3/15)

Altars:
Makhleb

Annotations:
D:3 dysrexia's ghost, average HOGl


Innate Abilities, Weirdness & Mutations

You reflexively headbutt those who attack you in melee.
You have a pair of horns on your head.


Message History

Dysrexia's ghost closely misses you. You furiously retaliate!
You headbutt dysrexia's ghost.
Use which ability? (? or * to list)
A red film seems to cover your vision as you go berserk!
You feel yourself moving faster!
You feel mighty!
You feel somewhat more hungry. Dysrexia's ghost misses you.
You furiously retaliate!
You headbutt dysrexia's ghost. You hit dysrexia's ghost.
Your headbutt misses dysrexia's ghost.
Dysrexia's ghost is heavily damaged.
Dysrexia's ghost closely misses you.
You closely miss dysrexia's ghost. Your headbutt misses dysrexia's ghost.
Dysrexia's ghost is heavily damaged.
Dysrexia's ghost misses you.
You puncture dysrexia's ghost!
Dysrexia's ghost is severely damaged.
Dysrexia's ghost hits you but does no damage.
You closely miss dysrexia's ghost.
Dysrexia's ghost is severely damaged.
Dysrexia's ghost hits you!
You die...

######.###### .#
#...........# .#
#.####...##.######.#
#...<.............###
#.####...............
###.##....##..#
#.##>..>.#..# #
#.#.......<.#
#.######........@W.#
#...............(#.......
............(...##.#####
#.###............#.#
#.######..##.#.# #)###
#)## .#.# ##...## #.#
.#.. #..#.....###.###.#.
#.........##......


You could see dysrexia's ghost.

Vanquished Creatures
  A crimson imp (D:2)
  4 adders
  A giant mite (D:3)
  A giant gecko (D:3)
  5 orcs (D:3)
  3 bats
  3 giant cockroaches
  4 hobgoblins
  4 jackals (D:3)
  A quokka (D:2)
  A ball python (D:1)
  10 goblins
  5 kobolds
  5 rats
48 creatures vanquished.

Notes
Turn   | Place    | Note
--------------------------------------------------------------
     0 | D:1      | toofou, the Minotaur Berserker, began the quest for the Orb.
     0 | D:1      | Reached XP level 1. HP: 19/19 MP: 1/1
   500 | D:1      | Reached XP level 2. HP: 25/27 MP: 1/1
   508 | D:1      | Reached skill level 4 in Fighting
   804 | D:1      | Acquired Trog's second power
  1040 | D:2      | Reached XP level 3. HP: 14/33 MP: 2/2
  1560 | D:2      | Found a burning altar of Makhleb.
  1649 | D:2      | Reached XP level 4. HP: 33/41 MP: 2/2
  2058 | D:3      | Noticed dysrexia's ghost (average HOGl)
  2068 | D:3      | Slain by dysrexia's ghost

Action                   |  1- 3 |  4- 6 || total
-------------------------+-------+-------++-------
Melee: Falchion          |   113 |    55 ||   168
       Morningstar       |       |     6 ||     6
Invok: Berserk           |     1 |     1 ||     2
  Use: Scroll            |     1 |     1 ||     2
  Eat: Bread ration      |     1 |       ||     1
